 Dungeon Crawl Stone Soup version 0.19-a0-1201-gda63bca (webtiles) character file.

74487 junb69 the Fighter (level 15, -12/124 HPs)
             Began as a Human Gladiator on Aug 19, 2016.
             Was the Champion of the Shining One.
             Killed from afar by an ice dragon (52 damage)
             ... with a blast of cold
             ... on level 14 of the Dungeon on Aug 20, 2016.
             The game lasted 01:18:29 (31572 turns).

junb69 the Fighter (Human Gladiator)               Turns: 31572, Time: 01:18:30

Health: -12/124    AC: 31    Str: 22    XL:     15   Next: 94%
Magic:  15/15      EV: 16    Int:  9    God:    the Shining One [******]
Gold:   480        SH: 13    Dex: 17    Spells: 0 memorised, 14 levels left

rFire  + . .     SeeInvis .     p - +3 flail (protect)
rCold  . . .     Gourm    .     q - +3 scale mail
rNeg   + + +     Faith    .     h - +0 shield
rPois  .         Spirit   .     k - +2 helmet
rElec  .         Dismiss  .     v - +2 cloak {+Inv}
rCorr  .         Reflect  .     y - +2 pair of gloves
MR     +....     Harm     .     C - +2 pair of boots
Stlth  ..........               (no amulet)
                                D - +4 ring of strength
                                A - ring of protection from fire

@: glowing
A: no striking features
a: Divine Shield, Cleansing Flame, Summon Divine Warrior, Brand Weapon With Holy
Wrath, Renounce Religion, Evoke Invisibility


You were on level 14 of the Dungeon.
You worshipped the Shining One.
The Shining One was exalted by your worship.
You were not hungry.

You visited 3 branches of the dungeon, and saw 21 of its levels.
You visited 1 bazaar.
You also visited: Ossuary and Ice Cave.

You collected 2270 gold pieces.
You spent 1790 gold pieces at shops.

Inventory:

Hand Weapons
 p - a +3 flail of protection (weapon)
Missiles
 d - a throwing net (quivered)
Armour
 h - a +0 shield (worn)
 k - a +2 helmet (worn)
 q - a +3 scale mail (worn)
 v - a +2 cloak of invisibility (worn)
 y - a +2 pair of gloves (worn)
 C - a +2 pair of boots (worn)
Jewellery
 A - a ring of protection from fire (left hand)
 D - a +4 ring of strength (right hand)
 O - an uncursed ring of resist corrosion
Wands
 b - a wand of lightning (9/15)
 c - a wand of paralysis (7/24)
 n - a wand of paralysis (21/24)
 B - a wand of hasting (3/9)
 H - a wand of polymorph (9/24)
Scrolls
 l - 6 scrolls of teleportation
 o - 3 scrolls of magic mapping
 t - 4 scrolls of fog
 w - 4 scrolls of blinking
 x - 7 scrolls of remove curse
 z - 10 scrolls of identify
 F - a scroll of amnesia
 G - 3 scrolls of fear
 K - 5 scrolls of recharging
 L - a scroll of enchant armour
Potions
 e - 6 potions of curing
 i - 2 potions of cancellation
 m - 5 potions of flight
 r - 2 potions of lignification
 u - 4 potions of heal wounds
 E - a potion of haste
 I - a potion of agility
Comestibles
 a - 9 slices of pizza
 f - 9 bread rations
 g - 7 fruits
 j - 12 meat rations
 s - 11 royal jellies
 J - a beef jerky


   Skills:
 - Level 13.4 Fighting
 - Level 13.0 Maces & Flails
 - Level 2.0 Throwing
 * Level 13.1 Armour
 - Level 9.1 Dodging
 * Level 12.1 Shields


You had 14 spell levels left.
You didn't know any spells.

Dungeon Overview and Level Annotations

Branches:
Dungeon (14/15)            Temple (0/1) D:7            Lair (5/6) D:8
  Swamp (0/4) Lair:4       Spider (0/4) Lair:4          Orc (2/2) D:12
    Elf (0/3) Orc:2
  Slime: Lair:5-6    Vaults: D:13-14

Altars:
Ashenzari
Fedhas
Gozag
Nemelex Xobeh
Qazlal
Uskayaw
Xom
Yredelemnul
The Shining One
Beogh

Shops:
D:7 ([}([   D:13 =:   Orc:1 =   Orc:2 }*![

Annotations:
D:7 exclusion: ice statue


Message History

You block the yak's attack. The ice dragon barely misses you.
The ice dragon claws you. The ice dragon tramples you!
You hold your ground!
Unknown command.
You hit the ice dragon.
The ice dragon is severely wounded.
You block the yak's attack. The ice dragon closely misses you.
The ice dragon claws you but does no damage.
The ice dragon completely misses you.
You hit the ice dragon but do no damage.
The ice dragon is severely wounded.
The yak gores you but does no damage. You block the ice dragon's attack.
The ice dragon misses you. You block the ice dragon's attack.
Unknown command.
You thump the ice dragon!
The ice dragon is almost dead.
You hit the ice dragon.
The ice dragon is almost dead.
The ice dragon breathes frost at you. The blast of cold hits you!
You die...

##### ...## .
...## #
)...########...#
# #YYYYY@p.....#
#
#..#.#####D..##.#
#
#..#.#..........#
#
#..#.#.D#######†#
# #..#.#..# #.# #
#..#.#.D# #.# #
#..#.#..# #.# #
#..#.#..W #.# #
#....##########.#


You could see an ice dragon, a necromancer and 5 yaks.

Vanquished Creatures
  A frost giant (IceCv)
  An orc warlord (Orc:1)
  5 hydras
  3 centaur warriors
  5 ogre magi (Orc:2)
  4 death yaks
  Erica (D:10)
  A death knight (D:12)
  2 orc high priests
  2 unseen horrors (D:12)
  8 hill giants
  3 ugly things
  2 orc knights
  A griffon (Lair:3)
  2 orc sorcerers (Orc:1)
  A manticore (D:14)
  7 elephants
  A salamander (shapeshifter) (D:14)
  A centaur zombie (D:14)
  A black mamba (Lair:4)
  An ice statue (IceCv)
  5 spiny frogs
  2 gargoyles
  3 rime drakes
  A freezing wraith (D:14)
  2 komodo dragons (Lair:4)
  A kobold demonologist (D:11)
  A demonic crawler (Lair:4)
  3 meliai (D:14)
  4 trolls
  Prince Ribbit (D:6)
  A queen bee (D:11)
  17 polar bears (IceCv)
  17 two-headed ogres
  A boulder beetle (Lair:3)
  8 blink frogs
  A shadow (D:14)
  A wyvern (D:14)
  3 fire elementals (D:14)
  53 yaks
  A wraith (D:11)
  5 hippogriffs
  2 vampire mosquitoes (D:14)
  A hungry ghost (D:12)
  2 wargs
  2 mottled dragons
  6 swamp worms (Lair:4)
  Edmund (D:4)
  2 soldier ants
  5 water moccasins
  9 porcupines
  34 orc warriors
  3 ice beasts
  A black bear (Lair:4)
  3 sky beasts
  39 ogres
  A phantom (D:12)
  22 centaurs
  26 wolves
  8 crocodiles
  5 big kobolds
  Blork the orc (D:6)
  15 giant frogs
  2 wyvern zombies
  A gnoll sergeant (D:12)
  2 water moccasin zombies (Ossuary)
  35 killer bees
  7 scorpions
  4 wights (D:6)
  6 howler monkeys
  3 electric eels
  2 giant frog zombies
  11 crimson imps
  A quasit (D:9)
  3 centaur skeletons
  3 jellies
  16 orc priests
  4 hounds
  30 orc wizards
  Jessica (D:2)
  9 worker ants
  5 iguanas
  22 sheep
  A hound zombie (D:9)
  2 mummies (Ossuary)
  2 hound skeletons
  A worker ant zombie (D:10)
  11 gnolls
  9 adders
  34 river rats
  2 shadow imps (D:9)
  An ooze (D:1)
  8 adder zombies
  An adder skeleton (D:9)
  3 worms
  3 dart slugs
  7 giant geckos
  100 orcs
  3 ball pythons
  13 bats
  9 giant cockroaches
  12 goblins
  8 hobgoblins
  19 jackals
  22 kobolds
  3 quokkas
  A giant gecko zombie (D:8)
  7 giant newts
  4 gnoll zombies (Ossuary)
  3 hobgoblin zombies (Ossuary)
  4 kobold zombies (Ossuary)
  8 orc zombies (Ossuary)
  A quokka skeleton (D:6)
  7 rats
  A plant (Lair:1)
849 creatures vanquished.

Vanquished Creatures (collateral kills)
  A rime drake (D:12)
  2 vampire mosquitoes (D:12)
  A worker ant (D:12)
4 creatures vanquished.

Vanquished Creatures (others)
  Maurice (D:11)
  A mottled dragon (D:11)
  An orc warrior (D:11)
  An orc priest (D:11)
  A worker ant (D:13)
  2 orcs (D:11)
  3 fungi
  7 plants
17 creatures vanquished.

Grand Total: 870 creatures vanquished

Notes
Turn   | Place    | Note
-------+----------+-------------------------------------------
     0 | D:1      | junb69 the Human Gladiator began the quest for the Orb.
     0 | D:1      | Reached XP level 1. HP: 16/16 MP: 1/1
    28 | D:1      | Reached XP level 2. HP: 20/22 MP: 2/2
   232 | D:1      | Reached XP level 3. HP: 28/28 MP: 3/3
   563 | D:1      | Reached XP level 4. HP: 24/35 MP: 4/4
   839 | D:2      | Noticed Jessica
   859 | D:2      | Killed Jessica
   926 | D:2      | Reached XP level 5. HP: 16/41 MP: 5/5
  1532 | D:2      | Found a glowing golden altar of the Shining One.
  1534 | D:2      | Found a blossoming altar of Fedhas.
  1537 | D:2      | Found a stormy altar of Qazlal.
  1586 | D:2      | Became a worshipper of the Shining One
  2003 | D:3      | Found a sparkling altar of Nemelex Xobeh.
  2081 | D:3      | Found a basalt altar of Yredelemnul.
  2338 | D:3      | Reached skill level 5 in Maces & Flails
  2567 | D:3      | Reached XP level 6. HP: 36/48 MP: 6/6
  2694 | D:4      | Noticed an ogre
  2716 | D:4      | Killed an ogre
  2947 | D:4      | Noticed Edmund
  2991 | D:4      | Killed Edmund
  2991 | D:4      | Reached XP level 7. HP: 21/55 MP: 7/7
  3399 | D:4      | Reached skill level 5 in Fighting
  3644 | D:5      | Entered Level 5 of the Dungeon
  3732 | D:5      | Noticed a yak
  3797 | D:5      | Noticed a yak
  3797 | D:5      | Reached * piety under the Shining One
  3797 | D:5      | Noticed a yak
  3798 | D:5      | Noticed a yak
  3799 | D:5      | Noticed a yak
  3801 | D:5      | Noticed a yak
  3806 | D:5      | Killed a yak
  3806 | D:5      | Reached XP level 8. HP: 57/64 MP: 8/8
  3816 | D:5      | Killed a yak
  3822 | D:5      | Killed a yak
  3833 | D:5      | Killed a yak
  3838 | D:5      | Killed a yak
  3852 | D:5      | Killed a yak
  3852 | D:5      | Reached XP level 9. HP: 19/73 MP: 9/9
  4212 | D:5      | Found a hide-covered altar of Uskayaw.
  4602 | D:6      | Noticed Blork the orc
  4611 | D:6      | Killed Blork the orc
  5067 | D:6      | Found a shattered altar of Ashenzari.
  5452 | D:6      | Noticed Prince Ribbit
  5460 | D:6      | Killed Prince Ribbit
  5460 | D:6      | Reached XP level 10. HP: 68/83 MP: 10/10
  5793 | D:7      | Reached ** piety under the Shining One
  5804 | D:7      | Reached skill level 10 in Maces & Flails
  5808 | D:7      | Found Veit's Weapon Emporium.
  5822 | D:7      | Noticed an ice statue
  5873 | D:7      | Found a staircase to the Ecumenical Temple.
  5965 | D:7      | Found a sand-covered staircase.
  5974 | Ossuary  | Entered an ossuary
  6047 | Ossuary  | Reached *** piety under the Shining One
  6138 | Ossuary  | Reached **** piety under the Shining One
  6235 | D:7      | Found Bugh's Armour Boutique.
  6250 | D:7      | Reached skill level 10 in Fighting
  6495 | D:7      | Found Wupot's Antique Weapon Shoppe.
  6557 | D:7      | Found Zoips's Armour Boutique.
  7004 | D:7      | Found Lothazim's Gadget Emporium.
  7408 | D:8      | Found a staircase to the Lair.
  7408 | D:8      | Noticed an elephant
  7437 | D:8      | Reached skill level 1 in Armour
  7480 | D:8      | Killed an elephant
  8011 | Lair:1   | Entered Level 1 of the Lair of Beasts
  8048 | Lair:1   | Noticed a six-headed hydra
  8135 | D:9      | Found an opulent altar of Gozag.
  8210 | D:9      | Reached XP level 11. HP: 46/92 MP: 11/11
  8366 | D:9      | Reached skill level 5 in Dodging
  9025 | D:9      | Reached ***** piety under the Shining One
  9029 | D:9      | Reached skill level 5 in Armour
  9061 | D:9      | Noticed a two-headed hydra
  9083 | D:9      | Killed a two-headed hydra
 10050 | D:7      | Bought a +2 cloak of invisibility for 301 gold pieces
 10162 | D:10     | Entered Level 10 of the Dungeon
 10310 | D:10     | Noticed Erica
 10323 | D:10     | Killed Erica
 10631 | D:10     | Noticed a hill giant
 10675 | D:10     | Killed a hill giant
 11220 | D:10     | Found a blossoming altar of Fedhas.
 11290 | D:10     | Noticed a hill giant
 11307 | D:10     | Killed a hill giant
 11836 | D:10     | Reached XP level 12. HP: 98/98 MP: 12/12
 12121 | D:11     | Found a flickering gateway to a bazaar.
 12149 | Bazaar   | Entered a bazaar
 12171 | Bazaar   | Found Adghoifo's Weapon Shop.
 12185 | Bazaar   | Found Umoot's Armour Boutique.
 12216 | Bazaar   | Found Qutzi's Book Boutique.
 12376 | Bazaar   | Bought a +0 shield for 54 gold pieces
 12376 | Bazaar   | Bought a +3 scale mail for 252 gold pieces
 12585 | D:11     | Reached skill level 1 in Shields
 12659 | D:11     | Found a shimmering altar of Xom.
 13612 | D:11     | Noticed Maurice
 13621 | D:11     | Killed Maurice
 14319 | D:12     | Noticed a death knight
 14343 | D:12     | Killed a death knight
 14445 | D:12     | Found a frozen archway.
 14515 | IceCv    | Entered an ice cave
 14708 | IceCv    | Reached skill level 5 in Shields
 15230 | IceCv    | Reached XP level 13. HP: 108/108 MP: 13/13
 16290 | IceCv    | Noticed a frost giant
 16326 | IceCv    | Killed a frost giant
 17487 | D:12     | Found a staircase to the Orcish Mines.
 18493 | D:12     | Upgraded the game from 0.19-a0-1193-g2641e52 to 0.19-a0-1201-gda63bca
 18824 | Lair:1   | Killed a six-headed hydra
 18859 | Lair:1   | Noticed an eight-headed hydra
 19035 | D:8      | Killed an eight-headed hydra
 20438 | Lair:2   | Reached XP level 14. HP: 115/118 MP: 14/14
 22534 | Lair:3   | Reached skill level 10 in Armour
 23300 | Lair:4   | Found a hole to the Spider Nest.
 23952 | Lair:4   | Found a staircase to the Swamp.
 25575 | Orc:1    | Entered Level 1 of the Orcish Mines
 26282 | Orc:2    | Entered Level 2 of the Orcish Mines
 26652 | Orc:1    | Found a roughly hewn altar of Beogh.
 26654 | Orc:1    | Found Fyst's Jewellery Boutique.
 27026 | Orc:2    | Reached XP level 15. HP: 115/124 MP: 15/15
 27511 | Orc:1    | Reached skill level 10 in Shields
 27879 | Orc:2    | Noticed an orc warlord
 28001 | Orc:1    | Killed an orc warlord
 28119 | Orc:2    | Found a staircase to the Elven Halls.
 28639 | Orc:2    | Reached ****** piety under the Shining One
 29194 | Orc:2    | Found a roughly hewn altar of Beogh.
 29220 | Orc:2    | Found Soimurcha's Gadget Shoppe.
 29220 | Orc:2    | Found Mir Exuesh's Distillery.
 29220 | Orc:2    | Found Hasikuk's General Store.
 29220 | Orc:2    | Found Jujyud's Armour Emporium.
 29255 | Orc:2    | Bought a wand of hasting (5/9) for 648 gold pieces
 29257 | Orc:2    | Bought a potion of heal wounds for 65 gold pieces
 29257 | Orc:2    | Bought a potion of heal wounds for 65 gold pieces
 29335 | Orc:1    | Bought a +4 ring of strength for 405 gold pieces
 29492 | D:13     | Found Ymoisyme's Book Shoppe.
 30276 | D:13     | Found Toboenack's Jewellery Shoppe.
 31025 | D:14     | Paralysed by a meliai for 3 turns
 31572 | D:14     | Killed from afar by an ice dragon

Vault maps used:
D:1:      onia_arrival_pyramid, serial_forest, infiniplex_forest_straight_2,
          infiniplex_forest_join, infiniplex_forest_straight_4,
          infiniplex_forest_zigzag_2, minmay_misc_feat_secret_circle
D:2:      grunt_temple_overflow_diamond, serial_forest, infiniplex_forest_end_3,
          infiniplex_forest_zigzag_1, infiniplex_forest_corner_2,
          infiniplex_forest_lined_room_, infiniplex_forest_lined_3,
          infiniplex_forest_lined_room_, infiniplex_forest_lined_corner,
          infiniplex_forest_lined_room_, uniq_jessica
D:3:      nemelex_xobeh_ov_fountains_minmay, overflow_temple_1_default,
          first_bread
D:4:      uniq_edmund
D:5:      kennysheep_mini
D:6:      evilmike_ruin_ashenzari, uniq_prince_ribbit1, uniq_blork_the_orc
D:7:      lemuel_ice_statue, serial_shops, kennysheep_mini_moat,
          nicolae_shop_statue_plus, shop, nicolae_shop_waterfront,
          nicolae_shop_behind_doors, nicolae_ossuary_entry_ruins
D:8:      david_lair_generic
D:9:      grunt_gozag_breadcrumbs, hangedman_ranch, uniq_joseph
D:10:     basic_altar, uniq_erica
D:11:     basic_altar, serial_shops, freezing_bzr, uniq_maurice
D:12:     david_orc_2, portal_ice_cave_rime
D:13:     serial_shops, nicolae_shop_trees, shop
D:14:     erik_rubicon_a, david_vaults_4, lemuel_round_altar
Lair:1:   minivault_19, serial_bayou_lagoon_a, nicolae_lair_grove_arrangements
Lair:4:   boulder_dual_corridor_run, nicolae_swamp_entry_splash_gauntlet,
          nicolae_spider_entry_non_spiders, bh_autumn_forest_stairs
Lair:5:   grunt_megastairs_4, infiniplex_staircase_pool
Orc:1:    serial_shops, nicolae_shop_statue_plus, basic_altar
Orc:2:    st_orc_ogre_mass, basic_altar
Bazaar:   bazaar_jpeg_ninerooms_5
Ossuary:  ossuary_tomb_2
IceCv:    ice_cave_caverns_01

Skill      XL: |  1  2  3  4  5  6  7  8  9 10 11 12 13 14 15 |
---------------+----------------------------------------------+-----
Maces & Flails | 4 5 6 8 9 10 11 13 | 13.0
Fighting       | 3 4 6 7 9 10 12 13 | 13.4
Armour         | 3 7 8 11 13 | 13.1
Dodging        | 4 8 9 |  9.1
Shields        | 5 9 12 | 12.1
Throwing       | |  2.0

Action                   |  1- 3 |  4- 6 |  7- 9 | 10-12 | 13-15 || total
-------------------------+-------+-------+-------+-------+-------++-------
Melee: Flail             |   100 |   249 |   268 |  1177 |  2308 ||  4102
Throw: Throwing net      |       |     2 |       |       |       ||     2
Invok: Divine Shield     |       |       |       |     6 |     7 ||    13
       Summon Divine War |       |       |       |     1 |       ||     1
Evoke: Wand              |       |       |       |     2 |     8 ||    10
  Use: Scroll            |       |     5 |       |    25 |     9 ||    39
       Potion            |       |     1 |       |     3 |     9 ||    13
 Stab: Held in net/web   |       |     1 |       |       |       ||     1
       Paralysed         |       |       |       |       |     6 ||     6
  Eat: Chunk             |       |     7 |     7 |    20 |    36 ||    70
       Beef jerky        |       |       |     1 |       |       ||     1
       Royal jelly       |       |       |       |     1 |     5 ||     6
       Fruit             |       |       |       |    13 |     4 ||    17
       Meat ration       |       |       |       |       |     1 ||     1
       Pizza             |       |       |       |       |     2 ||     2
Armor: Leather armour    |    38 |     9 |       |       |       ||    47
       Scale mail        |       |   110 |   127 |   562 |   870 ||  1669
       Skin              |       |    16 |       |       |       ||    16
Dodge: Dodged            |   105 |   127 |   125 |   694 |  1187 ||  2238
Block: Other             |       |       |       |     8 |       ||     8
       Shield            |       |       |       |   279 |  1437 ||  1716
